 Dungeon Crawl Stone Soup version 0.31.0-11-ge490571c62 (webtiles) character file.

Game seed: 3624015261969975776

5 Arcadio the Sneak (level 1, -4/18 HPs)
             Began as a Human Delver on Jan 29, 2024.
             Killed from afar by a white imp (12 damage)
             ... with a puff of frost
             ... on level 5 of the Dungeon.
             The game lasted 00:00:10 (30 turns).

Arcadio the Sneak (Human Delver)                      Turns: 30, Time: 00:00:10

Health: -4/18      AC:  3    Str: 12    XL:     1   Next: 80%
Magic:  1/1        EV: 12    Int: 10    God:
Gold:   0          SH:  0    Dex: 14    Spells: 0/0 levels left

rFire   . . .        a - +0 falchion
rCold   . . .        (no shield)
rNeg    . . .        b - +0 leather armour
rPois   .            (no helmet)
rElec   .            (no cloak)
rCorr   .            (no gloves)
SInv    .            (no boots)
Will    .....        (no amulet)
Stlth   +++          (no ring)
HPRegen 0.23/turn    (no ring)
MPRegen 0.07/turn

%: no passive effects
@: no status effects
A: explore regen
a: no special abilities


You were on level 5 of the Dungeon.
You visited 1 branch of the dungeon, and saw 1 of its levels.

Inventory:

Hand Weapons
 a - a +0 falchion (weapon)
Armour
 b - a +0 leather armour (worn)
Wands
 g - a wand of digging (3)
Scrolls
 c - a scroll of fog
 d - a scroll of revelation
 e - a scroll of fear
Potions
 f - a potion of haste


   Skills:
 + Level 3.1 Fighting
 + Level 2.1 Long Blades
 + Level 2.1 Dodging
 - Level 5.0 Stealth


You couldn't memorise any spells.
You didn't know any spells.
Your spell library was empty.

Dungeon Overview and Level Annotations

Branches:
Dungeon (5/15)
 Temple: D:4-7

Altars:


Innate Abilities, Weirdness & Mutations

You regain HP and MP as you explore.


Message History

The ufetubus misses you.
The ufetubus hits you but does no damage.
You hit the ufetubus but do no damage.
The ufetubus is severely wounded.
The ufetubus hits you. x2
A white imp comes into view.
The ufetubus hits you. The ufetubus closely misses you.
You barely miss the ufetubus.
The ufetubus is severely wounded.
The ufetubus hits you but does no damage.
The ufetubus barely misses you. The ufetubus hits you.
The ufetubus hits you but does no damage.
The ufetubus slips past you! The ufetubus misses you. The ufetubus hits you.
The ufetubus barely misses you. The ufetubus hits you.
The ufetubus completely misses you. x2
The ufetubus barely misses you. The ufetubus closely misses you. x2
The ufetubus misses you. The ufetubus closely misses you.
The ufetubus barely misses you. The ufetubus attacks as it pursues you!
The ufetubus misses you. The ufetubus barely misses you.
You barely miss the ufetubus.
The ufetubus is severely wounded.
The ufetubus hits you but does no damage.
The ufetubus closely misses you. The ufetubus barely misses you. x2
The white imp shouts, "Give in, thou hateful fen-sucked pignut!"
You hit the ufetubus.
You kill the ufetubus!
The ufetubus misses you.
The ufetubus hits you but does no damage.
You barely miss the ufetubus. The ufetubus closely misses you.
The ufetubus misses you. The ufetubus slips past you!
The ufetubus closely misses you. The ufetubus misses you.
You miss the ufetubus. The ufetubus closely misses you.
The ufetubus completely misses you.
You barely miss the ufetubus. The ufetubus closely misses you.
The ufetubus barely misses you. The white imp gestures at you.
The puff of frost hits you!
Ouch! That really hurt!
You die...

#+########
#.........
#.........
#......... ###
#.........
...#######.........
......5@5.........
.....####......$..
#.##.####.........
#.................
###.....##........
#..##.##........ #.
#.########## ..
#..# .. ##.#


You could see a white imp and an ufetubus.

Vanquished Creatures
  An ufetubus (D:5)
1 creature vanquished.

Notes
Turn   | Place    | Note
-------+----------+-------------------------------------------
     0 | D:5      | Arcadio the Human Delver began the quest for the Orb.
     0 | D:5      | Reached XP level 1. HP: 18/18 MP: 1/1
    30 | D:5      | Killed from afar by a white imp

Illustrated notes

Levels and vault maps discovered:
D:5:      layout_basic, mainiacjoe_overflow_24_doors,
          nicolae_yredelemnul_corpse_copse

Action                     || total
---------------------------++-------
  Melee: Falchion          ||     9
 Armour: Leather armour    ||    14
  Dodge: Dodged            ||    29
